Map: Orbital Shipyard

Players

Grumm - Winner!

  • Race: Protoss Protoss
  • League: Gold

RCon

  • Race: Protoss Protoss
  • League: Gold

VOD

Have the link to the VOD?

Description

Time

  • Played on: Jan. 31, 2016, 1:07 p.m.
  • Length: 15:19
Show
View Real Time Build Order
Export as new Build Order

Grumm Protoss - Winner!

Build Orders: Oracle Opening 

Get SALT Encoding   

  12  0:01  Probe (Chrono Boost)  
  13  0:11  Probe (Chrono Boost)  
  14  0:22  Probe (Chrono Boost)  
  14  0:26  Pylon  
  15  0:36  Assimilator  
  15  0:44  Probe (Chrono Boost)  
  15  0:48  Gateway  
  16  0:55  Gateway  
  16  0:58  Probe (Chrono Boost)  
  17  1:08  Probe (Chrono Boost)  
  18  1:19  Probe (Chrono Boost)  
  19  1:29  Pylon, Probe (Chrono Boost)  
  20  1:35  Cybernetics Core  
  20  1:42  Zealot  
  22  1:47  Zealot  
  24  2:13  Warp Gate (Chrono Boost)  
  24  2:22  Nexus  
  24  2:23  Stalker  
  24  2:25  Adept  
  28  2:41  Assimilator  
  28  2:47  Stargate  
  26  3:15  Probe  
  25  3:27  Probe, Gateway  
  26  3:39  Probe  
  27  3:49  Oracle (Chrono Boost)  
  27  3:53  Gateway  
  30  3:57  Pylon  
  30  4:01  Probe  
  30  4:02  Probe  
  32  4:13  Probe  
  31  4:43  Probe  
  31  4:45  Probe  
  33  4:54  Probe  
  33  4:56  Stalker  
  33  4:57  Stalker  
  36  5:02  Void Ray (Chrono Boost)  
  40  5:07  Forge  
  40  5:10  Probe  
  40  5:11  Probe  
  42  5:14  Assimilator  
  42  5:17  Pylon  
  42  5:18  Stalker x2  
  42  5:19  Assimilator  
  42  5:21  Probe  
  46  5:26  Zealot x2  
  51  5:35  Pylon  
  51  5:38  Forge  
  51  5:40  Protoss Ground Weapons Level 1  
  51  5:47  Stalker x3  
  51  6:22  Probe  
  51  6:23  Probe  
  51  6:33  Probe  
  51  6:36  Probe  
  45  6:51  Protoss Ground Armor Level 1  
  45  6:54  Void Ray (Chrono Boost)  
  45  6:55  Stalker  
  45  6:56  Probe, Stalker x3  
  45  6:58  Probe  
  55  7:07  Probe  
  55  7:10  Probe  
  57  7:16  Robotics Facility  
  57  7:17  Probe  
  57  7:20  Gateway  
  58  7:24  Twilight Council  
  58  7:25  Pylon  
  58  7:26  Zealot  
  58  7:27  Zealot x3  
  66  7:48  Adept x4  
  74  7:54  Void Ray (Chrono Boost)  
  78  8:03  Charge (Chrono Boost)  
  78  8:27  Pylon  
  78  8:45  Probe x2, Immortal  
  84  8:49  Pylon  
  82  8:57  Probe x2  
  68  9:43  Stalker x3  
  68  9:44  Stalker x2  
  68  10:07  Zealot x5  
  68  10:12  Probe x2  
  72  10:29  Zealot x2  
  72  10:30  Zealot x3  
  72  10:32  Probe  
  83  10:37  Nexus  
  83  10:39  Void Ray  
  83  10:40  Immortal  
  91  10:56  Photon Cannon  
  91  10:57  Photon Cannon  
  91  11:00  Pylon  
  91  11:03  Photon Cannon  
  91  11:05  Zealot  
  91  11:09  Pylon  
  91  11:11  Photon Cannon  
  81  11:22  Zealot x4  
  73  11:40  Zealot  
  73  11:43  Zealot x2  
  73  11:44  Zealot x2  
  83  11:47  Protoss Ground Weapons Level 2 (Chrono Boost), Protoss Ground Armor Level 2 (Chrono Boost)  
  83  11:51  Void Ray  
  83  11:52  Immortal  
  91  12:00  Gateway  
  91  12:10  Stalker x2  
  91  12:11  Stalker x2  
  91  12:14  Adept  
  101  12:35  Pylon  
  101  12:41  Adept x2  
  101  12:42  Adept x2  
  109  12:44  Sentry  
  111  12:51  Pylon  
  83  13:47  Zealot  
  83  13:48  Zealot x4  
  89  13:49  Zealot  
  93  14:29  Stalker x3  
  93  14:30  Stalker x3  
Show
View Real Time Build Order
Export as new Build Order

RCon Protoss 

Build Orders:  

Get SALT Encoding   

  12  0:00  Probe (Chrono Boost)  
  13  0:11  Probe (Chrono Boost)  
  14  0:20  Pylon  
  14  0:26  Probe (Chrono Boost)  
  15  0:39  Probe (Chrono Boost)  
  16  0:52  Gateway  
  16  0:55  Assimilator  
  16  1:06  Probe (Chrono Boost)  
  17  1:17  Probe (Chrono Boost)  
  18  1:27  Probe (Chrono Boost)  
  19  1:38  Probe (Chrono Boost)  
  19  1:39  Cybernetics Core  
  20  1:48  Probe (Chrono Boost)  
  20  1:50  Pylon  
  21  1:59  Probe (Chrono Boost)  
  22  2:09  Probe (Chrono Boost)  
  22  2:13  Nexus  
  23  2:25  Assimilator  
  23  2:28  Robotics Facility  
  23  2:31  Pylon  
  23  2:41  Gateway  
  24  2:44  Probe (Chrono Boost)  
  24  2:55  Mothership Core (Chrono Boost)  
  24  2:57  Warp Gate  
  25  3:00  Zealot (Chrono Boost)  
  23  3:15  Probe  
  22  3:29  Probe (Chrono Boost)  
  23  3:40  Probe (Chrono Boost)  
  24  3:51  Probe (Chrono Boost)  
  24  3:52  Stalker  
  24  3:53  Adept  
  29  4:00  Immortal  
  33  4:21  Probe x2 (Chrono Boost)  
  35  4:32  Probe (Chrono Boost)  
  35  4:39  Probe (Chrono Boost)  
  35  4:42  Probe (Chrono Boost)  
  37  4:49  Probe (Chrono Boost)  
  38  4:53  Probe (Chrono Boost)  
  28  5:12  Probe x2 (Chrono Boost)  
  30  5:20  Pylon  
  30  5:22  Probe (Chrono Boost)  
  30  5:25  Probe (Chrono Boost)  
  32  5:33  Probe (Chrono Boost)  
  33  5:35  Forge  
  33  5:36  Probe (Chrono Boost)  
  34  5:43  Probe (Chrono Boost)  
  34  5:47  Probe (Chrono Boost)  
  36  5:52  Pylon  
  36  5:54  Probe (Chrono Boost)  
  37  5:57  Probe (Chrono Boost)  
  36  6:08  Probe x2 (Chrono Boost)  
  38  6:22  Stalker x2  
  36  6:29  Photon Cannon  
  29  6:47  Stalker x2  
  25  6:51  Probe x2 (Chrono Boost)  
  29  6:55  Photon Cannon  
  29  6:59  Photon Cannon  
  29  7:02  Probe x2 (Chrono Boost)  
  31  7:09  Protoss Ground Weapons Level 1  
  31  7:12  Probe x2 (Chrono Boost)  
  33  7:21  Assimilator  
  33  7:23  Probe x2 (Chrono Boost), Photon Cannon  
  35  7:33  Probe x2 (Chrono Boost)  
  37  7:42  Stalker  
  37  7:43  Zealot  
  41  7:46  Probe x2 (Chrono Boost)  
  43  8:02  Gateway  
  43  8:03  Gateway  
  43  8:04  Probe (Chrono Boost)  
  43  8:05  Probe (Chrono Boost)  
  45  8:10  Immortal  
  49  8:15  Probe x2 (Chrono Boost)  
  51  8:24  Zealot  
  51  8:25  Probe (Chrono Boost), Zealot  
  51  8:26  Probe (Chrono Boost)  
  57  8:38  Photon Cannon  
  57  8:40  Probe x2 (Chrono Boost)  
  53  9:05  Stalker  
  53  9:06  Stalker  
  56  9:24  Probe (Chrono Boost)  
  56  9:30  Stalker x2  
  60  9:31  Zealot x2  
  64  9:45  Immortal  
  68  9:50  Twilight Council  
  66  10:03  Stalker  
  66  10:04  Zealot  
  69  10:11  Pylon  
  67  10:18  Pylon  
  67  10:21  Probe x2 (Chrono Boost)  
  67  10:22  Pylon  
  67  10:31  Protoss Ground Weapons Level 2 (Chrono Boost), Immortal (Chrono Boost)  
  67  10:32  Probe (Chrono Boost)  
  72  10:38  Probe (Chrono Boost)  
  72  10:41  Assimilator  
  72  10:42  Probe (Chrono Boost)  
  74  10:43  Photon Cannon  
  74  10:51  Blink  
  74  10:55  Zealot  
  74  10:56  Sentry  
  78  10:58  Zealot x2  
  60  11:42  Immortal  
  60  11:43  Zealot x4  
  60  11:45  Probe x2  
  74  12:01  Gateway  
  74  12:03  Gateway  
  74  12:11  Nexus  
  74  12:14  Pylon  
  74  12:15  Probe x2  
  76  12:16  Pylon  
  76  12:19  Zealot x4  
  76  12:21  Immortal  
  88  12:34  Protoss Ground Armor Level 1 (Chrono Boost)  
  88  12:44  Stalker x2  
  88  12:45  Zealot x2  
  96  13:01  Photon Cannon  
  96  13:03  Probe x2, Photon Cannon  
  96  13:04  Gateway  
  86  13:10  Stalker  
  86  13:11  Stalker  
  80  13:15  Probe  
  41  13:47  Stalker  
  41  13:48  Zealot x2  
  45  13:49  Stalker x3  
  53  14:02  Immortal  
  57  14:13  Stalker x2  
  57  14:14  Stalker x4  
  63  14:34  Pylon  
  63  14:37  Pylon  
  52  14:51  Stalker x2  
Tags
 
Add a new tag
Caveats
  • Supply blocks, unpowered buildings, or Contaminate may cause inaccurate times.
  • Supply counts are checked every 10 seconds.